 Dungeon Crawl Stone Soup version 0.30.0-19-g36f170ea60 (webtiles) character file.

Game seed: 15989749528296803024

66838 cheesebisquit the Grappler (level 14, -1/143 HPs)
             Began as a Troll Warper on May 30, 2023.
             Was the Champion of Dithmenos.
             Killed by divine providence
             ... invoked by a sphinx
             ... summoned by Kirke
              (11 damage)
             ... on level 5 of the Lair of Beasts.
             The game lasted 01:28:54 (20035 turns).

cheesebisquit the Grappler (Troll Warper)          Turns: 20035, Time: 01:28:55

Health: -1/143     AC: 14    Str: 22    XL:     14   Next: 80%
Magic:  12/14      EV: 10    Int: 10    God:    Dithmenos [******]
Gold:   1402       SH: 11    Dex:  9    Spells: 1/15 levels left

rFire   + .          .
                       - Unarmed
rCold   . . .        Y - +1 kite shield
rNeg    + . .        K - +1 swamp dragon scales
rPois   +            V - +1 hat
rElec   .            g - +1 cloak {Stlth+}
rCorr   .            (gloves unavailable)
SInv    .            (boots unavailable)
Will    +....        z - amulet "Selagace" {Acrobat rPois rN+ Int-3}
Stlth   +++++        y - +4 ring of slaying
HPRegen 1.23/turn    L - ring of protection from fire
MPRegen 0.14/turn

%: acrobat
@: on blink cooldown, wreathed by umbra, studying 2 skills
A: large, unfitting armour, claws 3, regeneration 1, shaggy fur 1, tough skin 1
a: Renounce Religion, Shadow Step, Shadow Form


You were on level 5 of the Lair of Beasts.
You worshipped Dithmenos.
Dithmenos was exalted by your worship.
You visited 3 branches of the dungeon, and saw 21 of its levels.
You also visited: Ossuary, Bailey and Volcano.

You collected 1402 gold pieces.

Inventory:

Hand Weapons
 x - a +2 giant spiked club of draining
 U - a +2 shortbow of freezing
Missiles
 c - a throwing net (quivered)
 J - 9 large rocks
 N - 6 silver javelins
 X - 2 poisoned darts
Armour
 a - a scarf of invisibility
 g - a +1 cloak of stealth (worn)
 s - a +1 robe of cold resistance
 K - +1 swamp dragon scales (worn)
 V - a +1 hat (worn)
 Y - a +1 kite shield (worn)
Jewellery
 t - an amulet of regeneration
 y - a +4 ring of slaying (left claw)
 z - the amulet "Selagace" (around neck) {Acrobat rPois rN+ Int-3}
   (You took it off an orc on level 5 of the Dungeon)

   [amulet of the acrobat]

   It increases your evasion while moving and waiting.
   Int:       It affects your intelligence (-3).
   rPois:     It protects you from poison.
   rN:        It protects you from negative energy.
 E - a +5 ring of evasion
 I - a ring of poison resistance
 L - a ring of protection from fire (right claw)
 P - a +5 ring of evasion
 Z - a ring of flight
Wands
 v - a wand of flame (39)
 C - a wand of mindburst (26)
 F - a wand of quicksilver (2)
 H - a wand of roots (31)
 M - a wand of polymorph (7)
 O - a wand of charming (24)
 R - a wand of digging (10)
Scrolls
 b - 4 scrolls of blinking
 f - a scroll of silence
 j - 9 scrolls of poison
 m - 2 scrolls of torment
 o - 4 scrolls of immolation
 p - a scroll of brand weapon
 q - 2 scrolls of teleportation
 r - 3 scrolls of fog
 u - a scroll of fear
 w - a scroll of vulnerability
 G - 2 scrolls of summoning {unknown}
 W - a scroll of acquirement {unknown}
Potions
 d - a potion of magic
 e - a potion of cancellation
 h - a potion of invisibility
 i - 6 potions of attraction
 l - 13 potions of curing
 n - 3 potions of lignification
 A - 3 potions of haste
 B - 2 potions of resistance
 D - 3 potions of mutation
 Q - a potion of ambrosia {unknown}
 S - a potion of brilliance
 T - a potion of berserk rage


   Skills:
 - Level 10.0 Fighting
 - Level 10.0 Throwing
 - Level 5.0 Armour
 - Level 10.0 Dodging
 - Level 5.0 Stealth
 - Level 10.0 Shields
 + Level 11.1 Unarmed Combat
 - Level 1.2 Spellcasting
 - Level 5.0 Translocations


You had one spell level left.
You knew the following spells:

 Your Spells              Type           Power      Damage    Failure   Level
a - Blink                 Tloc           20%        N/A       19%         2
b - Manifold Assault      Tloc           10%        N/A       77%         4
c - Vhi's Electric Charg  Tloc/Air       10%        N/A       71%         3
d - Lesser Beckoning      Tloc           20%        N/A       19%         2
e - Teleport Other        Tloc           10%        N/A       36%         3

Your spell library contained the following spells:

 Spells                   Type           Power      Damage    Failure   Level
 Shock                    Conj/Air       0%         1d3       67%         1
 Ensorcelled Hibernation  Hex/Ice        0%         N/A       82%         2
 Scorch                   Fire           0%         2d5       82%         2
 Frozen Ramparts          Ice            0%         1d1       96%         3
 Hailstorm                Conj/Ice       0%         3d3       96%         3
 Spider Form              Tmut/Pois      0%         N/A       96%         3
 Swiftness                Air            0%         N/A       96%         3
 Airstrike                Air            0%         2d(0-16)  100%        4
 Anguish                  Hex/Necr       0%         N/A       100%        4
 Flame Wave               Conj/Fire      0%         2d4       100%        4
 Fireball                 Conj/Fire      0%         3d3       100%        5
 Freezing Cloud           Conj/Ice/Air   0%         6-21      100%        5
 Iskenderun's Battlesphe  Conj           0%         2d6       100%        5
 Conjure Ball Lightning   Conj/Air       0%         3x3d6     100%        6
 Summon Cactus Giant      Summ           0%         N/A       100%        6
 Orb of Destruction       Conj           0%         9d5       100%        7
 Ozocubu's Refrigeration  Ice            0%         4d7       100%        7


Dungeon Overview and Level Annotations

Branches:
Dungeon (15/15)            Temple (1/1) D:5            Lair (5/5) D:9
  Swamp (0/4) Lair:2        Snake (0/4) Lair:3        Slime (0/5) Lair:5
    Orc (0/2) D:12         Vaults (0/5) D:14        Ossuary (visited)
 Bailey (visited)         Volcano (visited)
 Depths: D:15

Altars:
Ashenzari
Cheibriados
Dithmenos
Elyvilon
Fedhas
Gozag
Hepliaklqana
Kikubaaqudgha
Makhleb
Nemelex Xobeh
Okawaru
Qazlal
Ru
Sif Muna
Trog
Uskayaw
Vehumet
Wu Jian
Xom
Yredelemnul
Zin
The Shining One

Shops:
D:11 ?   D:12 *

Annotations:
D:4 2 transporters, bmack86's ghost, amateur MiFi
Lair:2 7 exclusions
Lair:4 exclusions: 2 oklob plants and 4 more exclusions
Lair:5 Josephine; Kirke


Innate Abilities, Weirdness & Mutations

You are too large for most types of armour.
You have claws for hands.
Your natural rate of healing is unusually fast.
You are covered in fur. (AC +1)
You have tough skin. (AC +1)


Message History

The hog bites you. You block the hog's attack.
The lindwurm bites you but does no damage.
The lindwurm claws you but does no damage.
You block the lindwurm's attack.
The blink frog hits you but does no damage.
The hog bites you but does no damage. x2
You scratch the hog.
The hog is lightly wounded.
You block the hog's attack. The hog bites you. The blink frog hits you.
The blink frog blinks! x2; The hog closely misses you.
The lindwurm bites you. The lindwurm claws you.
* * * LOW HITPOINT WARNING * * *
The lindwurm claws you but does no damage.
The wraith hits you but does no damage. The hog bites you.
* * * LOW HITPOINT WARNING * * *
Okay, then.
Cast which spell? (? or * to list)
You blink.
You block the wyvern's attack.
The blink frog blinks!
The wyvern bites you.
* * * LOW HITPOINT WARNING * * *
The hog bites you.
* * * LOW HITPOINT WARNING * * *
The sphinx hits you.
* * * LOW HITPOINT WARNING * * *
The sphinx hits you.
* * * LOW HITPOINT WARNING * * *
You block the sphinx's attack.
Casting: Blink (safe; 19% risk of failure)
Confirm with . or Enter, or press ? or * to list all spells.
Okay, then.
Blink to where?
Press: ? - help, Dir - move target
Found 2 stones.
As you read the scroll of blinking, it crumbles to dust.
The sphinx casts a spell.
Something smites you!
* * * LOW HITPOINT WARNING * * *
The sphinx mumbles some strange words.
Something smites you!
You die...

......#§...#.##.. #. ..
#†Wh§.#.### #.. # '#
#W.......#### #..#
.#.###hhhk......F.
#...##.'#.@.Hk..#.F....
#........WW.h§.........
##........l.l...[.......
........................
#...^.@.F..............
#......................
#....##.##.##..........
#..(. ..###..#........#
#... .. ......... ♣♣..
... ... ♣♣ ... .. ~~~. .


You could see a sphinx (summoned), Josephine, a lindwurm, 5 hogs, a blink frog,
4 wraiths and 2 wyverns.

Vanquished Creatures
  Gastronok (Lair:2)
  A red draconian (Volcano)
  Snorg (Lair:2)
  3 hydras
  A yaktaur captain (D:14)
  A boulder beetle (D:13)
  2 centaur warriors
  10 death yaks
  3 two-headed ogres
  A death knight (D:14)
  A tengu warrior (D:10)
  A vampire mage (Lair:1)
  Nergalle (Lair:2)
  Sonja (Lair:5)
  A salamander mystic (Volcano)
  A skeletal warrior (D:12)
  2 skysharks
  2 lindwurms (Lair:5)
  2 ugly things
  3 deep elf pyromancers
  2 orc knights
  3 cyclopes
  6 manticores
  An orc sorcerer (D:15)
  5 salamanders (Volcano)
  A molten gargoyle (Lair:5)
  A guardian serpent (Lair:3)
  3 black mambas
  2 torpor snails
  Maggie (D:7)
  10 cane toads
  A gargoyle (D:12)
  An unseen horror (D:13)
  2 yaktaurs (D:14)
  10 komodo dragons
  A kobold demonologist (D:8)
  6 trolls
  3 meliai (D:13)
  A polar bear (shapeshifter) (D:14)
  3 polar bears
  21 blink frogs
  A hornet (Lair:1)
  10 dream sheep
  2 shadows
  3 wyverns
  4 wraiths
  51 yaks
  3 basilisks
  2 hogs (Lair:5)
  A human (Lair:1)
  9 fire bats
  6 vampire mosquitoes
  4 steam dragons
  2 acid dragons
  A warg (D:15)
  Edmund (D:5)
  2 hell hounds (Lair:5)
  10 orc warriors
  8 water moccasins
  2 black bears
  A sky beast (D:7)
  3 ogres
  11 wolves
  A phantom (D:7)
  13 centaurs
  10 bullfrogs
  3 gnoll sergeants
  19 wights
  3 scorpions
  10 killer bees
  2 electric eels (D:14)
  7 howler monkeys
  5 lava snakes (Volcano)
  5 jellies
  3 hounds
  4 orc priests
  A sleepcap (D:5)
  Jessica (D:2)
  3 iguanas (D:5)
  5 orc wizards
  18 hell rats
  9 mummies
  3 adders
  11 gnolls
  A shadow imp (D:5)
  14 white imps
  A worm (D:2)
  A dart slug (D:5)
  27 orcs
  3 bats
  4 endoplasms
  2 giant cockroaches (D:1)
  7 goblins
  4 hobgoblins
  4 jackals (D:1)
  2 quokkas
  2 ball pythons
  6 frilled lizards
  A hobgoblin zombie (Ossuary)
  14 kobolds
  4 kobold zombies (Ossuary)
  3 orc zombies (Ossuary)
  6 rats
502 creatures vanquished.

Vanquished Creatures (others)
  An orc (D:15)
1 creature vanquished.

Grand Total: 503 creatures vanquished

Notes
Turn   | Place    | Note
-------+----------+-------------------------------------------
     0 | D:1      | cheesebisquit the Troll Warper began the quest for the Orb.
     0 | D:1      | Reached XP level 1. HP: 19/19 MP: 1/1
    48 | D:1      | Reached XP level 2. HP: 26/28 MP: 2/2
   358 | D:1      | Reached skill level 3 in Unarmed Combat
   543 | D:1      | Reached XP level 3. HP: 35/35 MP: 3/3
  1417 | D:2      | Noticed Jessica
  1423 | D:2      | Killed Jessica
  1424 | D:2      | Reached XP level 4. HP: 44/44 MP: 4/4
  1610 | D:3      | Noticed an ogre
  1620 | D:3      | Killed an ogre
  1621 | D:3      | Reached skill level 4 in Unarmed Combat
  1621 | D:3      | Reached XP level 5. HP: 11/52 MP: 5/5
  1865 | D:3      | Found a snail-covered altar of Cheibriados.
  1873 | D:3      | Found a stormy altar of Qazlal.
  1878 | D:3      | Found a radiant altar of Vehumet.
  1946 | D:3      | Found a glowing golden altar of the Shining One.
  2148 | D:3      | Found a blossoming altar of Fedhas.
  2148 | D:3      | Found a sacrificial altar of Ru.
  2244 | D:4      | Reached skill level 5 in Unarmed Combat
  2328 | D:4      | Found a shadowy altar of Dithmenos.
  2461 | D:4      | Found a transporter.
  2468 | D:4      | Found a transporter.
  2468 | D:4      | Noticed an ogre
  2468 | D:4      | Noticed bmack86's ghost (amateur MiFi)
  2633 | D:4      | Found a burning altar of Makhleb.
  3086 | D:4      | Became a worshipper of Dithmenos the Shadowed
  3140 | D:5      | Entered Level 5 of the Dungeon
  3220 | D:5      | Reached XP level 6. HP: 61/61 MP: 6/6
  3388 | D:5      | Noticed Edmund
  3407 | D:5      | Killed Edmund
  3408 | D:5      | Reached skill level 6 in Unarmed Combat
  3484 | D:5      | Found a basalt altar of Yredelemnul.
  3520 | D:5      | Found a staircase to the Ecumenical Temple.
  3619 | D:5      | Reached XP level 7. HP: 64/68 MP: 7/7
  3661 | D:5      | Found a white marble altar of Elyvilon.
  3735 | D:5      | Identified the amulet "Selagace" {Acrobat rPois rN+ Int-3}
  3787 | D:5      | Reached skill level 7 in Unarmed Combat
  4320 | D:6      | Found an opulent altar of Gozag.
  4329 | D:6      | Found a sand-covered staircase.
  4337 | Ossuary  | Entered an ossuary
  4358 | Ossuary  | Reached * piety under Dithmenos
  4603 | D:6      | Reached skill level 8 in Unarmed Combat
  4603 | D:6      | Reached XP level 8. HP: 77/79 MP: 8/8
  4876 | Temple   | Entered the Ecumenical Temple
  5336 | D:7      | Found a broken altar of Ashenzari.
  5348 | D:7      | Reached skill level 9 in Unarmed Combat
  5462 | D:7      | Reached skill level 10 in Unarmed Combat
  5462 | D:7      | Reached skill level 1 in Throwing
  5669 | D:7      | Reached XP level 9. HP: 69/85 MP: 9/9
  5842 | D:7      | Noticed Maggie
  5853 | D:7      | Killed Maggie
  5854 | D:7      | Reached skill level 5 in Fighting
  6052 | D:7      | Learned a level 2 spell: Blink
  6057 | D:7      | Learned a level 4 spell: Manifold Assault
  6061 | D:7      | Learned a level 3 spell: Vhi's Electric Charge
  6211 | D:8      | Reached ** piety under Dithmenos
  6371 | D:8      | Reached XP level 10. HP: 90/104 MP: 10/10
  6504 | D:8      | Noticed a manticore
  6529 | D:8      | Killed a manticore
  6624 | D:8      | Noticed a cyclops
  6651 | D:8      | Noticed a soul eater
  6703 | D:8      | Killed a cyclops
  6857 | D:9      | Noticed a two-headed ogre
  6862 | D:9      | Killed a two-headed ogre
  6961 | D:9      | Reached skill level 10 in Fighting
  7039 | D:9      | Reached skill level 5 in Throwing
  7141 | D:9      | Reached *** piety under Dithmenos
  7187 | D:9      | Noticed a death yak
  7189 | D:9      | Found a staircase to the Lair.
  7189 | D:9      | Noticed a death yak
  7189 | D:9      | Noticed a death yak
  7197 | D:9      | Killed a death yak
  7209 | D:9      | Killed a death yak
  7210 | D:9      | Reached XP level 11. HP: 32/117 MP: 11/11
  7221 | D:9      | Killed a death yak
  7337 | D:9      | Found a flagged portal.
  7347 | Bailey   | Entered a bailey
  7455 | Bailey   | Noticed an orc knight
  7478 | Bailey   | Killed an orc knight
  7568 | Bailey   | Found a large runed translucent door.
  7568 | Bailey   | Found a large runed translucent door.
  7571 | Bailey   | Noticed a deep elf pyromancer
  7648 | Bailey   | Killed a deep elf pyromancer
  7676 | Bailey   | Got the Folio of the Blizzard
  7989 | D:9      | Noticed a two-headed ogre
  7999 | D:9      | Killed a two-headed ogre
  8331 | D:10     | Entered Level 10 of the Dungeon
  8455 | D:10     | Found an iron altar of Okawaru.
  8553 | D:10     | Reached skill level 10 in Throwing
  8628 | D:10     | Reached **** piety under Dithmenos
  8803 | D:10     | Noticed a purple ugly thing
  8806 | D:10     | Noticed a tengu warrior
  8809 | D:10     | Killed a purple ugly thing
  8838 | D:10     | Killed a tengu warrior
  8975 | D:10     | Reached skill level 5 in Dodging
  9383 | D:11     | Found Rueh's Magic Scroll Boutique.
  9492 | D:11     | Noticed a centaur warrior
  9498 | D:11     | Reached XP level 12. HP: 120/126 MP: 12/12
  9500 | D:11     | Killed a centaur warrior
 10098 | D:12     | Found a staircase to the Orcish Mines.
 10331 | D:12     | Found Plog's CLEARANCE SALE!.
 10644 | D:12     | Noticed a centaur warrior
 10661 | D:12     | Reached ***** piety under Dithmenos
 10677 | D:12     | Killed a centaur warrior
 10933 | D:12     | Noticed a two-headed ogre
 10943 | D:12     | Killed a two-headed ogre
 11440 | D:13     | Noticed a boulder beetle
 11472 | D:13     | Killed a boulder beetle
 11512 | D:13     | Reached skill level 5 in Shields
 11792 | D:13     | You fall into a shaft and drop 2 floors!
 11792 | D:15     | Entered Level 15 of the Dungeon
 12023 | D:14     | Identified the +9 dire flail of the Divine God {flame,
                  | Fragile +Blink rElec Int+3}
 12032 | D:14     | Found a gate to the Vaults.
 12032 | D:14     | Noticed a yaktaur captain
 12034 | D:14     | Noticed a death knight
 12045 | D:14     | Killed a death knight
 12046 | D:14     | Reached XP level 13. HP: 53/133 MP: 13/13
 12954 | Lair:1   | Entered Level 1 of the Lair of Beasts
 13156 | Lair:1   | Paralysed by a hornet for 3 turns
 13776 | Lair:1   | Found a runed translucent door.
 13907 | Lair:2   | Found a staircase to the Swamp.
 13954 | Lair:2   | Found a dark tunnel.
 13963 | Volcano  | Entered a volcano
 14039 | Volcano  | Reached skill level 10 in Shields
 14260 | Volcano  | Noticed a red draconian
 14277 | Volcano  | Killed a red draconian
 14356 | Volcano  | Identified the +2 helmet "Sowimips" {Will+ Dex+2 SInv}
 14372 | Volcano  | Found a radiant altar of Vehumet.
 14395 | Volcano  | Found a radiant altar of Vehumet.
 14561 | Lair:2   | Reached skill level 10 in Dodging
 14617 | Lair:2   | Reached skill level 1 in Stealth
 14728 | Lair:2   | Noticed Nergalle
 14738 | Lair:2   | Killed Nergalle
 14763 | Lair:2   | Noticed Gastronok
 14776 | Lair:2   | Killed Gastronok
 15043 | Lair:3   | Noticed Snorg
 15063 | Lair:2   | Killed Snorg
 15321 | Lair:3   | Reached ****** piety under Dithmenos
 15429 | Lair:3   | Reached XP level 14. HP: 143/143 MP: 14/14
 15447 | Lair:3   | Found a staircase to the Snake Pit.
 16034 | Lair:3   | Reached skill level 5 in Translocations
 16154 | Lair:4   | Reached skill level 1 in Armour
 16631 | Lair:4   | Learned a level 2 spell: Lesser Beckoning
 16635 | Lair:4   | Learned a level 3 spell: Teleport Other
 17417 | Lair:5   | Entered Level 5 of the Lair of Beasts
 18637 | Lair:5   | Reached skill level 5 in Armour
 19116 | Lair:5   | Noticed Sonja
 19122 | Lair:5   | Killed Sonja
 19263 | Lair:5   | Noticed Josephine
 19671 | Lair:4   | Reached skill level 5 in Stealth
 20000 | Lair:5   | Found a staircase to the Slime Pits.
 20019 | Lair:5   | Noticed Kirke
 20023 | Lair:5   | Reached skill level 11 in Unarmed Combat
 20027 | Lair:5   | Noticed a sphinx
 20035 | Lair:5   | Killed from afar by a sphinx

Illustrated notes

Levels and vault maps discovered:
D:1:      ebering_trefoil_3fold, layout_basic, corexii_hall_statues_t,
          lexackson_kobold_supper
D:2:      layout_loops_ring, uniq_jessica
D:3:      layout_loops_ring, mainiacjoe_overflow_cross_hatched,
          grunt_temple_overflow_diamond, mainiacjoe_overflow_divided_tiny
D:4:      layout_basic, general_overflow_altar, overflow_temple_1_default,
          gammafunk_ghost_arena, serial_co_window_serial, co_window_corner_a,
          co_window_of_opportunity_a, co_window_corner_a, co_window_corner_a,
          co_window_corner_a, co_window_corner_a, co_window_paths_b,
          co_window_cross_2, co_window_2corner, co_window_corner_b,
          co_window_unsneaky_path_c, co_window_of_opportunity_b,
          glass_columns_b, glass_columns_c, glass_columns_c, glass_columns_a
D:5:      minmay_octagon_keep, layout_basic, kennysheep_ying_yang,
          temple_pool_b, serial_rivers, chequers_serial_rivers_room_a,
          chequers_serial_rivers_micro_b, chequers_serial_rivers_large_b,
          chequers_serial_rivers_large_a, chequers_serial_rivers_micro_c,
          chequers_serial_rivers_micro_a, uniq_edmund
D:6:      layout_rooms, nicolae_gozag_seed_capital, gup_ossuary_entry_pyramid,
          minivault_25
D:7:      layout_gridville, ashenzari_altar_1, item_on_display_a, uniq_maggie
D:8:      layout_loops_cross, minmay_diamond_spiral
D:9:      layout_cave_pods, dpeg_lair_monsters, enter_bailey_3
D:10:     kennysheep_blocky_room, layout_basic, mainiacjoe_overflow_paths
D:11:     layout_cross, serial_shops, nicolae_take_the_stairs
D:12:     minmay_general_purpose_star, layout_small_grid, orc_0_dummy,
          nicolae_shop_clearance
D:13:     layout_loops_ring
D:14:     layout_basic, david_vaults_2, ebering_ghost_reflecting_pool,
          lightli_corner_chamber
D:15:     gammafunk_depths_entry_grave, layout_cave_pods, reono_crystal_passage,
          lemuel_old_faithful
Temple:   grunt_temple_mini_profane
Lair:1:   layout_regular_city, pdpol_lair_cabin_in_the_woods
Lair:2:   layout_hall_layers, swamp_mist_pool, nicolae_volcano_entry_batcave,
          minmay_lindwurm_lava, uniq_gastronok, uniq_nergalle
Lair:3:   layout_misc_corridors, minmay_snake_entry_spellcaster, uniq_snorg
Lair:4:   minmay_lair_oklob_tunnel, layout_gridlike, grunt_megastairs_4,
          infiniplex_staircase_pool_2
Lair:5:   cheibrodos_lair_end_hotspot, layout_regular_city,
          dpeg_slime_entry_enclosed, portal_ice_cave_entry_imps,
          serial_bayou_shore_a, uniq_kirke, uniq_josephine, uniq_sonja

Skill      XL: |  1  2  3  4  5  6  7  8  9 10 11 12 13 14 |
---------------+-------------------------------------------+-----
Fighting       | 2 3 4 8 10 | 10.0
Unarmed Combat | 3 4 5 6 8 10 11 | 11.1
Throwing       | 3 4 7 10 | 10.0
Dodging        | 6 8 10 | 10.0
Shields        | 6 10 | 10.0
Stealth        | 3 5 |  5.0
Translocations | 5 |  5.0
Armour         | 5 |  5.0
Spellcasting   | |  1.2

Action                     |  1- 3 |  4- 6 |  7- 9 | 10-12 | 13-15 || total
---------------------------+-------+-------+-------+-------+-------++-------
  Melee: Unarmed           |   353 |   108 |   175 |   582 |   831 ||  2049
         Punch             |    18 |     4 |    10 |    26 |       ||    58
  Throw: Boomerang         |       |     8 |    70 |     9 |    93 ||   180
         Throwing net      |       |     2 |       |       |       ||     2
         Large rock        |       |       |       |     4 |    12 ||    16
   Cast: Blink             |       |       |       |       |     1 ||     1
 Invoke: Shadow Step       |       |       |       |       |     1 ||     1
  Evoke: Wand              |       |       |       |     1 |       ||     1
    Use: Scroll            |       |       |     9 |    14 |    15 ||    38
         Potion            |       |       |       |     9 |     9 ||    18
   Stab: Held in net/web   |       |     1 |       |       |       ||     1
         Sleeping          |       |       |     1 |     3 |    11 ||    15
         Distracted        |       |       |       |       |     1 ||     1
 Armour: Robe              |    55 |    30 |    13 |       |       ||    98
         Swamp dragon scal |       |       |     7 |   174 |   273 ||   454
  Dodge: Dodged            |    66 |    34 |    92 |   556 |   472 ||  1220
  Block: Kite shield       |       |       |       |    53 |   537 ||   590
